 Dungeon Crawl Stone Soup version 0.20.1-1-g8b1a95d (webtiles) character file.

18326 Monsterracer the Impaler (level 12, -6/111 (112) HPs)
             Began as a Merfolk Skald on Aug 16, 2017.
             Was a High Priest of Okawaru.
             Mangled by manyhoops's ghost (17 damage)
             ... while paralysed
             ... on level 4 of the Lair of Beasts.
             The game lasted 00:42:48 (16738 turns).

Monsterracer the Impaler (Merfolk Skald)           Turns: 16738, Time: 00:42:49

HP:   -6/111 (112)  AC:  8    Str: 11    XL:     12   Next: 57%
MP:   13/17         EV:  2    Int: 16    God:    Okawaru [*****.]
Gold: 600           SH:  0    Dex: 15    Spells: 3/15 levels left

rFire    . . .     SeeInvis .   a - +2 glaive (venom)
rCold    . . .     Gourm    .   (shield currently unavailable)
rNeg     . . .     Faith    .   H - +1 robe
rPois    +         Spirit   .   G - +2 hat {MR+}
rElec    .         Reflect  .   s - +2 cloak
rCorr    .         Harm     .   (no gloves)
MR       ++...                  (no boots)
Stlth    +++.......             r - amulet of rage
Regen    0.3/turn               D - ring of protection from magic
MPRegen  0.2/turn               I - ring of poison resistance

@: paralysed, heroism, berserk cooldown, slowed
A: change form in water, swift swim, stealthy swim, mutation resistance 1,
robust 1
a: Heroism, Finesse, Renounce Religion, Evoke Berserk Rage


You were on level 4 of the Lair of Beasts.
You worshipped Okawaru.
Okawaru was extremely pleased with you.
You were very hungry.

You visited 2 branches of the dungeon, and saw 13 of its levels.
You also visited: Sewer.

You collected 628 gold pieces.
You spent 28 gold pieces at shops.

Inventory:

Hand Weapons
 a - a +2 glaive of venom (weapon)
 b - a cursed +0 trident
Armour
 s - a +2 cloak (worn)
 G - a +2 hat of magic resistance (worn)
 H - a +1 robe (worn)
Jewellery
 r - an amulet of rage (around neck)
 t - an uncursed ring of fire
 D - a ring of protection from magic (left hand)
 I - a ring of poison resistance (right hand)
 M - an uncursed ring of protection from cold
Wands
 B - a wand of acid (8/15)
 C - a wand of iceblast (9/15)
Scrolls
 e - 2 scrolls of enchant armour
 h - a scroll of fear
 l - 9 scrolls of remove curse
 m - 2 scrolls of magic mapping
 p - 3 scrolls of identify
 v - 12 scrolls of teleportation
 w - 4 scrolls of recharging
 y - 2 scrolls of fog
 F - 2 scrolls of amnesia
Potions
 c - 5 potions of curing
 f - 5 potions of lignification
 g - a potion of ambrosia
 i - 4 potions of haste
 k - 4 potions of might
 n - 6 potions of magic
 o - 3 potions of heal wounds
 u - a potion of flight
 x - 2 potions of cancellation
 z - a potion of brilliance
 A - a potion of berserk rage
 E - 2 potions of mutation
Comestibles
 d - 8 bread rations
 j - 8 meat rations
 q - 21 royal jellies
 J - 4 fruits


   Skills:
 * Level 12.0(17.0) Fighting
 * Level 15.6(20.6) Polearms
 - Level 0.6(5.6) Armour
 + Level 11.6(16.6) Dodging
 - Level 2.0 Spellcasting
 - Level 10.0 Charms
 + Level 6.9 Invocations


You had 3 spell levels left.
You knew the following spells:

 Your Spells              Type           Power        Failure   Level  Hunger
a - Infusion              Chrm           ####         1%          1    #......
b - Song of Slaying       Chrm           ####....     1%          2    ###....
c - Shroud of Golubria    Chrm/Tloc      ###.......   4%          2    ###....
d - Spectral Weapon       Hex/Chrm       ###.....     8%          3    ###....
e - Regeneration          Chrm/Necr      ###.......   8%          3    ###....
z - Apportation           Tloc           #.....       21%         1    #......


Dungeon Overview and Level Annotations

Branches:
Dungeon (9/15)             Temple (0/1) D:7            Lair (4/6) D:8
 Spider (0/4) Lair:2
  Swamp: Lair:2-4    Shoals: Lair:2-4       Orc: D:9-12

Altars:
Dithmenos
Kikubaaqudgha
Makhleb
Okawaru
Qazlal
Sif Muna
Xom
The Shining One
Beogh

Shops:
D:7 *

Annotations:
Lair:1 exclusion: oklob plant
Lair:4 manyhoops's ghost, journeyman MiBe


Innate Abilities, Weirdness & Mutations

You revert to your normal form in water.
You are very nimble and swift while swimming.
You are very stealthy in the water. (Stealth+)
You are somewhat resistant to further mutation.
You are robust. (+10% HP)


Message History

You eat one of the 5 fruits.
You are feeling very hungry.
Mmm - a full handful of raspberries!
Manyhoops's ghost hits you!!! Manyhoops's ghost burns you!
Huge Dmg: -31%(-53hp) hp: 54%(88hp) Unknown command.
Press: ? - help, v - describe, . - travel
Here: manyhoops's ghost, wielding a weapon of flaming An open door.
You feel a strong urge to attack something.
There is a stone staircase leading up here.
You feel your anger subside.
You are no longer berserk.
You pass out from exhaustion.
You feel yourself slow down. Manyhoops's ghost hits you!!!
* * * LOW HITPOINT WARNING * * *
Manyhoops's ghost burns you.
* * * LOW HITPOINT WARNING * * *
Manyhoops's ghost hits you!
You die...

'...## ....#
...P# .... .. ##
... ... P #.##.#
#....
#...##.P#'#.P....
.......@W........
####.###(.######.
####


You could see manyhoops's ghost and a friendly spectral glaive of venom.

Vanquished Creatures
  Gastronok (Lair:2)
  A hydra (Lair:1)
  Nergalle (Lair:1)
  Pikel (D:6)
  The ghost of Artagas the Archer, a novice CeHu (D:5)
  A black mamba (Lair:1)
  Psyche (D:9)
  A torpor snail (Lair:3)
  A rime drake (Lair:3)
  5 spiny frogs
  2 komodo dragons
  A queen bee (Lair:2)
  A jumping spider (Lair:2)
  3 hippogriffs
  4 dream sheep (Lair:3)
  5 blink frogs (Lair:2)
  Sigmund (D:2)
  4 yaks (Lair:2)
  2 wyverns
  4 basilisks
  A human (D:7)
  4 hogs (D:7)
  2 water moccasins
  3 porcupines
  A hell hound (D:8)
  An eye of draining (D:9)
  7 orc warriors
  A slave (D:6)
  An ice beast (D:5)
  2 black bears (D:8)
  A sky beast (D:5)
  2 centaurs
  3 ogres
  5 necrophages
  A crocodile (Lair:2)
  A big kobold (D:9)
  9 bullfrogs
  4 scorpions
  22 killer bees
  2 howler monkeys (D:9)
  3 crimson imps
  2 quasits (D:8)
  2 jellies
  5 hounds
  9 orc priests
  2 bullfrog skeletons
  21 orc wizards
  Crazy Yiuf (D:3)
  2 iguanas (D:7)
  9 worker ants
  A hound zombie (D:7)
  A hound skeleton (D:8)
  A worker ant zombie (D:8)
  7 gnolls
  11 adders
  3 shadow imps
  A white imp (D:5)
  An ooze (D:1)
  An adder zombie (D:8)
  2 adder skeletons
  2 worms
  2 dart slugs
  6 leopard geckos
  60 orcs
  4 ball pythons
  5 bats
  9 giant cockroaches
  4 goblins
  8 hobgoblins
  14 jackals
  5 quokkas
  11 frilled lizards
  A goblin skeleton (D:5)
  A goblin zombie (D:5)
  3 hobgoblin zombies (D:5)
  13 kobolds
  A leopard gecko zombie (D:8)
  An orc skeleton (D:5)
  8 rats
  5 plants (Sewer)
362 creatures vanquished.

Vanquished Creatures (others)
  A slave (D:6)
  A water moccasin (D:6)
  A bullfrog (D:6)
  A quokka zombie (D:6)
  3 fungi (Lair:2)
  4 plants
  A spectral weapon (Lair:2)
12 creatures vanquished.

Grand Total: 374 creatures vanquished

Notes
Turn   | Place    | Note
-------+----------+-------------------------------------------
     0 | D:1      | Monsterracer the Merfolk Skald began the quest for the Orb.
     0 | D:1      | Reached XP level 1. HP: 16/16 MP: 3/3
   209 | D:1      | Reached XP level 2. HP: 23/23 MP: 0/5
   264 | D:1      | Learned a level 2 spell: Song of Slaying
   424 | D:1      | Learned a level 2 spell: Shroud of Golubria
   666 | D:1      | Reached skill level 4 in Polearms
   666 | D:1      | Reached XP level 3. HP: 28/28 MP: 0/6
   891 | D:2      | Noticed Sigmund
  1548 | D:2      | Reached XP level 4. HP: 34/34 MP: 7/7
  1806 | D:2      | Killed Sigmund
  1806 | D:2      | Reached skill level 5 in Polearms
  1806 | D:2      | Reached XP level 5. HP: 41/41 MP: 2/8
  1818 | D:2      | Learned a level 3 spell: Regeneration
  2076 | D:3      | Reached skill level 11 in Polearms
  2076 | D:3      | Reached XP level 6. HP: 53/53 MP: 9/9
  2113 | D:3      | Reached XP level 7. HP: 59/59 MP: 10/10
  2432 | D:3      | Found a runed door.
  2436 | D:3      | Noticed Crazy Yiuf
  2439 | D:3      | Killed Crazy Yiuf
  2439 | D:3      | Reached skill level 12 in Polearms
  3238 | D:4      | Found an iron altar of Okawaru.
  3266 | D:4      | Became a worshipper of Warmaster Okawaru
  3808 | D:4      | Found a burning altar of Makhleb.
  4056 | D:4      | Reached skill level 1 in Invocations
  4162 | D:4      | Found a deep blue altar of Sif Muna.
  4183 | D:4      | Reached XP level 8. HP: 66/67 MP: 3/11
  4196 | D:4      | Learned a level 3 spell: Spectral Weapon
  4255 | D:4      | Identified Sif Muna's Handbook of Enhancements
  4428 | D:5      | Entered Level 5 of the Dungeon
  4460 | D:5      | Reached * piety under Okawaru
  4470 | D:5      | Noticed Artagas's ghost (novice CeHu)
  4538 | D:5      | Found a glowing drain.
  4578 | D:5      | Gained mutation: You are somewhat resistant to further mutation. [mutagenic meat]
  4579 | D:5      | Gained mutation: You are robust. (+10% HP) [mutagenic meat]
  4683 | D:5      | Found a glowing golden altar of the Shining One.
  4796 | Sewer    | Entered a sewer
  5973 | D:5      | Killed Artagas's ghost
  5973 | D:5      | Reached ** piety under Okawaru
  5973 | D:5      | Reached XP level 9. HP: 81/81 MP: 0/12
  6220 | D:5      | HP: 39/81 [centaur (7)]
  6985 | D:6      | Found a stormy altar of Qazlal.
  7361 | D:6      | Noticed Pikel
  7372 | D:6      | Killed Pikel
  7372 | D:6      | Reached *** piety under Okawaru
  7564 | D:6      | Found a runed door.
  7981 | D:6      | Received a gift from Okawaru
  8099 | D:6      | Found a roughly hewn altar of Beogh.
  8235 | D:7      | Reached XP level 10. HP: 90/90 MP: 13/13
  8274 | D:7      | Found an ancient bone altar of Kikubaaqudgha.
  8277 | D:7      | Found a shimmering altar of Xom.
  8280 | D:7      | Found a burning altar of Makhleb.
  8363 | D:7      | Found a staircase to the Ecumenical Temple.
  8515 | D:7      | HP: 40/90 [orc warrior/mace (11)]
  8745 | D:7      | HP: 45/91 [hog (10)]
  8751 | D:7      | HP: 41/91 [hog (5)]
  9048 | D:7      | Found Tuoraud's General Store.
  9054 | D:7      | Bought a scroll of identify for 28 gold pieces
  9176 | D:7      | Reached **** piety under Okawaru
  9215 | D:7      | Learned a level 1 spell: Apportation
  9431 | D:8      | HP: 43/91 [orc warrior/flail (4)]
  9437 | D:8      | HP: 39/91 [orc/dagger (5)]
  9450 | D:8      | HP: 36/91 [orc wizard/dagger (4)]
  9798 | D:8      | Reached skill level 13 in Polearms
  9981 | D:8      | Found a staircase to the Lair.
 10445 | D:8      | Reached skill level 10 in Dodging
 10530 | D:8      | HP: 43/92 [something/puff of flame (4)]
 11239 | D:9      | Noticed Psyche
 11247 | D:9      | Killed Psyche
 11419 | D:9      | Reached ***** piety under Okawaru
 11432 | D:9      | HP: 62/139 [ogre/giant club (11)]
 11437 | D:9      | HP: 35/93 [poisoned by a killer bee]
 11442 | D:9      | HP: 29/93 [poisoned by a killer bee]
 11447 | D:9      | HP: 26/93 [poisoned by a killer bee]
 11452 | D:9      | HP: 24/93 [poisoned by a killer bee]
 11457 | D:9      | HP: 23/93 [adder skeleton (2)]
 11921 | D:9      | Reached skill level 10 in Fighting
 11921 | D:9      | Reached XP level 11. HP: 74/99 MP: 8/14
 12323 | D:9      | Found a shadowy altar of Dithmenos.
 12375 | Lair:1   | Entered Level 1 of the Lair of Beasts
 12495 | Lair:1   | Noticed an oklob plant
 12513 | Lair:1   | HP: 49/99 [poisoned by a black mamba]
 12518 | Lair:1   | HP: 26/99 [poisoned by a black mamba]
 12523 | Lair:1   | HP: 15/99 [poisoned by a black mamba]
 12528 | Lair:1   | HP: 10/99 [poisoned by a black mamba]
 12534 | Lair:1   | HP: 7/99 [poisoned by a black mamba]
 12539 | Lair:1   | HP: 6/99 [poisoned by a black mamba]
 12546 | Lair:1   | HP: 6/99 [poisoned by a black mamba]
 12554 | Lair:1   | HP: 6/99 [poisoned by a black mamba]
 12922 | Lair:1   | Noticed an eight-headed hydra
 12996 | Lair:1   | HP: 44/100 [eight-headed hydra (8)]
 13000 | Lair:1   | Killed an eight-headed hydra
 13000 | Lair:1   | Reached skill level 5 in Invocations
 13187 | Lair:1   | HP: 44/101 [spiny frog (17)]
 13641 | Lair:1   | Noticed Nergalle
 13669 | Lair:1   | Killed Nergalle
 13669 | Lair:1   | Reached skill level 14 in Polearms
 14146 | Lair:2   | Noticed Gastronok
 14167 | Lair:2   | Killed Gastronok
 14168 | Lair:2   | Found a hole to the Spider Nest.
 14221 | Lair:2   | HP: 49/102 [jumping spider (14)]
 14459 | Lair:2   | Identified a scroll of acquirement
 14493 | Lair:2   | Received a gift from Okawaru
 14821 | Lair:2   | Reached XP level 12. HP: 104/110 MP: 16/16
 15048 | Lair:2   | HP: 54/109 [killer bee (4)]
 15054 | Lair:2   | HP: 52/109 [poisoned by a killer bee]
 15061 | Lair:2   | HP: 47/109 [poisoned by a killer bee]
 15068 | Lair:2   | HP: 47/109 [poisoned by a killer bee]
 15076 | Lair:2   | HP: 47/109 [poisoned by a killer bee]
 15634 | Lair:2   | Received a gift from Okawaru
 15634 | Lair:2   | Reached skill level 15 in Polearms
 15634 | Lair:2   | Reached ****** piety under Okawaru
 15645 | Lair:2   | Reached skill level 10 in Charms
 16727 | Lair:4   | Noticed manyhoops's ghost (journeyman MiBe)
 16737 | Lair:4   | HP: 15/111 [manyhoops's ghost (45)]
 16738 | Lair:4   | Mangled by manyhoops's ghost

Skill      XL: |  1  2  3  4  5  6  7  8  9 10 11 12 |
---------------+-------------------------------------+-----
Dodging        | 3 4 8 9 10 11 | 11.6
Polearms       | 4 5 11 12 13 14 15 | 15.6
Fighting       | 3 6 7 8 10 11 12 | 12.0
Charms         | 4 7 8 9 10 | 10.0
Invocations    | 1 2 3 4 6 |  6.9
Armour         | |  0.6
Spellcasting   | |  2.0

Action                   |  1- 3 |  4- 6 |  7- 9 | 10-12 || total
-------------------------+-------+-------+-------+-------++-------
Melee: Spear             |   141 |    46 |   697 |       ||   884
       Tailslap          |       |       |    10 |       ||    10
       Halberd           |       |       |   137 |   458 ||   595
       Trident           |       |       |    91 |       ||    91
       Glaive            |       |       |       |   194 ||   194
       Quarterstaff      |       |       |       |    13 ||    13
 Cast: Infusion          |     4 |     1 |    29 |    10 ||    44
       Shroud of Golubri |     1 |     1 |     3 |     4 ||     9
       Song of Slaying   |     2 |       |     9 |    15 ||    26
       Spectral Weapon   |       |       |     2 |    13 ||    15
       Regeneration      |       |       |       |     2 ||     2
Invok: Heroism           |       |       |     1 |     9 ||    10
       Finesse           |       |       |       |     3 ||     3
 Abil: Evoke Berserk Rag |       |       |     2 |    14 ||    16
  Use: Scroll            |     8 |     2 |    12 |    12 ||    34
       Potion            |       |     2 |       |       ||     2
 Stab: Sleeping          |     1 |       |     1 |     1 ||     3
       Distracted        |       |       |     2 |     1 ||     3
       Invisible         |       |       |       |     1 ||     1
  Eat: Chunk             |     2 |     2 |    26 |    28 ||    58
       Meat ration       |       |       |       |     2 ||     2
       Fruit             |       |       |       |     5 ||     5
Armor: Leather armour    |    26 |     5 |    47 |    39 ||   117
       Ring mail         |       |       |    42 |       ||    42
       Scale mail        |       |       |       |    60 ||    60
       Robe              |       |       |       |    53 ||    53
Dodge: Dodged            |    73 |    18 |   288 |   635 ||  1014
